 Dungeon Crawl Stone Soup version 0.30-a0-956-gcec3b41aec (webtiles) character file.

Game seed: 5314894737321545397

37 mistaj the Trooper (level 3, -1/24 HPs)
             Began as a Gargoyle Fighter on Mar 29, 2023.
             Slain by an orc
             ... wielding a +0 dagger
              (2 damage)
             ... on level 2 of the Dungeon.
             The game lasted 00:02:00 (997 turns).

mistaj the Trooper (Gargoyle Fighter)                Turns: 997, Time: 00:02:00

Health: -1/24      AC: 11    Str: 21    XL:     3   Next: 39%
Magic:  3/3        EV:  9    Int:  8    God:
Gold:   71         SH:  4    Dex:  9    Spells: 2/2 levels left

rFire   . . .      SeeInvis .    a - +0 war axe
rCold   . . .      Faith    .    c - +0 buckler
rNeg    + . .      Spirit   .    b - +0 scale mail
rPois   ∞          Reflect  .    (no helmet)
rElec   +          Rampage  .    (no cloak)
rCorr   .                        (no gloves)
Will    .....                    g - +0 pair of boots Stlth
                                 (no amulet)
HPRegen 0.24/turn                (no ring)
MPRegen 0.08/turn                (no ring)

@: no status effects
A: sickness immunity, AC +3, negative energy resistance 1, electricity
resistance, torment resistance 1, petrification resistance
a: no special abilities


You were on level 2 of the Dungeon.
You visited 1 branch of the dungeon, and saw 2 of its levels.

You collected 71 gold pieces.

Inventory:

Hand Weapons
 a - a +0 war axe (weapon)
Armour
 b - a +0 scale mail (worn)
 c - a +0 buckler (worn)
 g - a +0 pair of boots (worn)
Scrolls
 f - a scroll of poison {unknown}
 h - a scroll of enchant armour {unknown}
 i - a scroll of noise {unknown}
 k - a scroll of summoning {unknown}
 l - a scroll of brand weapon {unknown}
 m - 3 scrolls of teleportation {unknown}
Potions
 d - 2 potions of might
 e - 3 potions of heal wounds {unknown}
 j - a potion of attraction {unknown}
 n - a potion of curing {unknown}


   Skills:
 + Level 3.9 Fighting
 + Level 2.3 Axes
 - Level 3.2 Armour
 + Level 3.8 Shields


You had 2 spell levels left.
You didn't know any spells.
Your spell library was empty.

Dungeon Overview and Level Annotations

Branches:
Dungeon (2/15)

Altars:


Innate Abilities, Weirdness & Mutations

You are immune to sickness and miasma.
Your stone body is resilient. (AC +3)
You are immune to poison.
You resist negative energy. (rN+)
You are resistant to electric shocks. (rElec)
You are resistant to unholy torment.
You are immune to petrification.


Message History

The orc wizard hits you but does no damage.
You're too confused to move!
The orc hits you but does no damage.
You bump into the rock wall.
The orc wizard casts a spell at you.
You are more confused.
You bump into the rock wall.
The orc hits you with a +0 dagger.
You bump into the rock wall.
The orc hits you with a +0 dagger.
You bump into the rock wall.
The orc barely misses you.
The orc priest calls down the wrath of Beogh upon you.
Beogh smites you!
Ouch! That really hurt!
* * * LOW HITPOINT WARNING * * *
The orc wizard hits you but does no damage.
You hear a shout!
You hit the orc wizard.
The orc wizard is heavily wounded.
You hit the orc but do no damage.
An orc comes into view. It is wielding a +0 flail.
The orc priest calls upon Beogh to heal the orc.
The orc's wounds heal themselves!
The orc hits you but does no damage.
The orc wizard hits you with a +0 dagger.
* * * LOW HITPOINT WARNING * * *
You closely miss the orc. You slash the orc wizard!
The orc priest calls upon Beogh to heal the orc wizard.
The orc wizard is healed somewhat.
The orc wizard closely misses you. The orc hits you but does no damage.
The orc barely misses you.
The orc wizard hits you but does no damage.
You barely miss the orc. You hit the orc wizard.
You feel less confused. You block the orc wizard's attack.
The orc priest calls upon Beogh to heal the orc wizard.
The orc wizard is healed somewhat.
The orc closely misses you.
Unknown command.
You hit the orc.
The orc is almost dead.
You hit the orc wizard.
The orc wizard hits you with a +0 dagger.
* * * LOW HITPOINT WARNING * * *
The orc hits you with a +0 dagger.
You die...

#+# #.# ######.#
...##>##
#.#.#####(#...##
#...ooo@#......##
###.###o#.#...#.########
#......###........
#.#####.##..#.########
#.......##.#.##
##########.### #.#
######.### #..>.....#


You could see an orc priest, an orc wizard and 2 orcs.

Vanquished Creatures
  2 dart slugs (D:1)
  3 endoplasms (D:1)
  4 giant cockroaches (D:1)
  5 goblins
  2 hobgoblins (D:1)
  3 jackals (D:1)
  3 ball pythons (D:1)
  3 bats (D:1)
  A frilled lizard (D:1)
  A kobold (D:1)
  A rat (D:1)
28 creatures vanquished.

Notes
Turn   | Place    | Note
-------+----------+-------------------------------------------
     0 | D:1      | mistaj the Gargoyle Fighter began the quest for the Orb.
     0 | D:1      | Reached XP level 1. HP: 14/14 MP: 1/1
   225 | D:1      | Reached XP level 2. HP: 14/19 MP: 2/2
   649 | D:1      | Reached XP level 3. HP: 24/24 MP: 3/3
   997 | D:2      | HP: 1/24 [orc wizard/+0 dagger (3)]
   997 | D:2      | Slain by an orc

Illustrated notes

Levels and vault maps discovered:
D:1:      minmay_arrival_split_and_join, layout_basic, st_stairs_6,
          minmay_indecisive_spiral
D:2:      layout_loops_corners

Skill      XL: |  1 |
---------------+----+-----
Axes           | 2 |  2.3
Fighting       | |  3.9
Armour         | |  3.2
Shields        | |  3.8

Action                     || total
---------------------------++-------
  Melee: War axe           ||   122
 Armour: Scale mail        ||    69
  Dodge: Dodged            ||    70
  Block: Buckler           ||    31

Table legend: (Time is in decaauts)
 A = Elapsed time spent in this place.
 B = Non-inter-level travel time spent in this place.
 C = Inter-level travel time spent in this place.
 D = Time resting spent in this place.
 E = Time spent auto-exploring this place.
 F = Levels seen in this place.
 G = Mean time per level.
                   A        B        C        D        E       F      G
               +--------+--------+--------+--------+--------+-----+--------+
         Total |   1050 |   1019 |     31 |    115 |    556 |   2 |  525.0 |
       Dungeon |   1050 |   1019 |     31 |    115 |    556 |   2 |  525.0 |
               +--------+--------+--------+--------+--------+-----+--------+

Top non-repeatable levels by time:
     D:1: 923 daAuts
     D:2: 126 daAuts
